 Dungeon Crawl Stone Soup version 0.24.1-14-gf8d2b509d9 (webtiles) character file.

Game seed: 14547789230992683509, levelgen mode: deterministic

405104 Erymatos the Slayer (level 22, -15/226 HPs)
             Began as a Minotaur Berserker on Sept 23, 2022.
             Was a High Priest of Trog.
             Killed by divine providence
             ... invoked by a deep elf high priest
              (18 damage)
             ... on level 3 of the Elven Halls on Oct 1, 2022.
             The game lasted 02:58:58 (42305 turns).

Erymatos the Slayer (Minotaur Berserker)           Turns: 42305, Time: 02:58:58

Health: -15/226    AC: 36    Str: 27    XL:     22   Next: 35%
Magic:  21/21      EV: 19    Int:  4    God:    Trog [*****.]
Gold:   3153       SH: 26    Dex: 26    Spells: 21/21 levels left

rFire    + + .     SeeInvis .   a - +6 war axe (freeze)
rCold    + + .     Gourm    .   U - +0 large shield
rNeg     . . .     Faith    .   Z - +8 gold dragon scales
rPois    +         Spirit   .   R - +2 hat
rElec    +         Reflect  .   d - scarf {rC+ rF+}
rCorr    .         Harm     +   b - +0 pair of gloves "Rarriqen" {rC- Regen+ Slay+3}
MR       ++...                  L - +3 pair of boots of Minor Irritation {rC+}
Stlth    ..........             Q - amulet of Twilight {Harm *Drain rElec MR+ Dex+5 Stlth+}
HPRegen  0.87/turn              f - +3 ring of evasion
MPRegen  0.17/turn              q - +6 ring of dexterity

@: about to teleport, berserk cooldown, slowed, very slow
A: retaliatory headbutt, horns 2
}: 2/15 runes: barnacled, gossamer
a: Berserk, Trog's Hand, Brothers in Arms, Renounce Religion


You were on level 3 of the Elven Halls.
You worshipped Trog.
Trog was extremely pleased with you.
You were not hungry.

You visited 9 branches of the dungeon, and saw 41 of its levels.
You visited the Abyss 1 time.
You also visited: Trove and Ice Cave.

You collected 5518 gold pieces.
You spent 2365 gold pieces at shops.

Inventory:

Hand Weapons
 a - a +6 war axe of freezing (weapon)
 l - a +1 antimagic broad axe
 z - the +11 spear of Righteous Fury {antimagic, +Blink rN+ SInv}
   (You found it in a treasure trove)

   It reduces the magical energy of the wielder, and disrupts the spells and
   magical abilities of those hit.
   Natural abilities and divine invocations are not affected.
   It protects you from negative energy.
   It lets you see invisible.
   It lets you blink.
Armour
 b - the +0 pair of gloves "Rarriqen" (worn) {rC- Regen+ Slay+3}
   (You bought it in a shop on level 4 of the Vaults)

   It affects your accuracy and damage with ranged weapons and melee attacks
   (+3).
   It makes you vulnerable to cold.
   It increases your rate of regeneration.
 d - a scarf of resistance (worn)
 s - the +1 plate armour of the Bagpipe {rN+ MR+}
   (You bought it in a shop on level 2 of the Orcish Mines)

   It protects you from negative energy.
   It affects your resistance to hostile enchantments.
 x - a +0 shield of fire resistance
 L - the +3 pair of boots of Minor Irritation (worn) {rC+}
   (You found it on level 2 of the Depths)

   It protects you from cold.
 R - a +2 hat (worn)
 U - a +0 large shield (worn)
 Z - +8 gold dragon scales (worn)
Jewellery
 f - a +3 ring of evasion (left hand)
 h - an uncursed ring of protection from cold
 p - a +6 amulet of reflection
 q - a +6 ring of dexterity (right hand)
 v - an uncursed ring of flight
 y - an uncursed ring of positive energy
 O - an uncursed ring of see invisible
 Q - the amulet of Twilight (around neck) {Harm *Drain rElec MR+ Dex+5 Stlth+}
   (You bought it in a shop on level 1 of the Elven Halls)

   [amulet of harm]

   It increases damage dealt and taken.
   It affects your dexterity (+5).
   It insulates you from electricity.
   It affects your resistance to hostile enchantments.
   It causes draining when unequipped.
   It makes you more stealthy.
 S - an uncursed ring of resist corrosion
Wands
 n - a wand of paralysis (8)
 F - a wand of enslavement (39)
 K - a wand of iceblast (7)
 M - a wand of polymorph (8)
 W - a wand of digging (8)
 Y - a wand of clouds (6)
Scrolls
 i - 7 scrolls of fog
 k - 10 scrolls of magic mapping
 m - a scroll of enchant armour
 r - a scroll of vulnerability
 t - a scroll of summoning
 u - 3 scrolls of enchant weapon
 A - 20 scrolls of remove curse
 B - 17 scrolls of teleportation
 C - 7 scrolls of identify
 I - 3 scrolls of fear
 J - a scroll of acquirement {unknown}
 X - 2 scrolls of blinking
Potions
 e - 8 potions of heal wounds
 g - 12 potions of lignification
 j - 3 potions of ambrosia
 o - 4 potions of might
 w - 9 potions of agility
 D - 11 potions of curing
 E - 5 potions of flight
 G - a potion of resistance
 H - 5 potions of haste
 N - 5 potions of cancellation
Comestibles
 c - 36 rations


   Skills:
 * Level 25.1 Fighting
 + Level 21.7 Axes
 * Level 15.4 Armour
 * Level 14.4 Dodging
 + Level 23.2 Shields


You had 21 spell levels left.
You didn't know any spells.
Your spell library was empty.

Dungeon Overview and Level Annotations

Branches:
Dungeon (15/15)            Temple (1/1) D:6            Lair (6/6) D:10
 Shoals (4/4) Lair:2       Spider (4/4) Lair:4        Slime (0/5) Lair:6
    Orc (2/2) D:11            Elf (3/3) Orc:2        Vaults (4/5) D:14
  Crypt (0/3) Vaults:3     Depths (2/5) D:15          IceCv (visited)

Altars:
Ashenzari
Cheibriados
Dithmenos
Elyvilon
Fedhas
Gozag
Hepliaklqana
Kikubaaqudgha
Makhleb
Nemelex Xobeh
Okawaru
Qazlal
Ru
Sif Muna
Trog
Uskayaw
Vehumet
Wu Jian
Xom
Yredelemnul
Zin
The Shining One

Shops:
D:9 *}   D:14 (   Orc:2 [!![=   Elf:1 }=}   Elf:2 [   Shoals:1 }   Vaults:4 [
Depths:1 [

Portals:
Hell: Depths:1 Depths:2
Ziggurat: Depths:2

Annotations:
Elf:1 3 runed translucent doors, Luzaiz's ghost, adept TrFi


Innate Abilities, Weirdness & Mutations

You reflexively headbutt those who attack you in melee.
You have a pair of horns on your head.


Message History

You headbutt the deep elf elementalist, but do no damage.
You hear a shout!
As you read the scroll of teleportation, it crumbles to dust.
You feel strangely unstable. You block the hell beast's attack. x2
You block the deep elf elementalist's attack. x2
The deep elf demonologist casts a spell.
The hell beast barely misses you. You block the hell beast's attack.
The deep elf high priest mumbles some strange prayers to its god against you.
Something smites you!
* * * LOW HITPOINT WARNING * * *
The deep elf high priest utters a dark prayer and points at you.
Your life force is offered up.
* * * LOW HITPOINT WARNING * * *
The hell beast is healed.
The deep elf elementalist is healed.
The deep elf elementalist hits you but does no damage.
The earth elemental hits you!
* * * LOW HITPOINT WARNING * * *
The deep elf high priest calls down the wrath of its god upon you.
Something smites you!
You die...

## #...# ##.........##
# ###.# ##.......##
########.# ##.....##
.........# ##.....#
########.# ###4.# #
#.############..# #
#......E.....eE.# #
#.#####...e3E..#
########.###...e@e4E..#
.........##...e2EEEE.##
########.....)(.e)().#
# ###...##e##(.## ##
#####4|)#### .# #...#
.# #.e.# .# ##4## .#
.e.


You could see a hell beast, 2 deep elf elementalists, 2 deep elf demonologists,
4 deep elf high priests, 8 earth elementals, 2 ice devils, a rust devil and a
smoke demon.

Vanquished Creatures
  Mara (Shoals:4)
  Bai Suzhen (Shoals:4)
  the Enchantress (Depths:2)
  Nikola (Depths:1)
  A bone dragon (Depths:2)
  Arachne (Spider:4)
  Rupert (D:15)
  2 large abominations
  Jorgrun (Shoals:3)
  The ghost of Kagalorn the Fighter, an adept GnWn of Ashenzari (Spider:3)
  3 deep elf blademasters
  Polyphemus (Shoals:4)
  A sphinx (Depths:2)
  A kraken (Shoals:3)
  A tengu reaver (Vaults:2)
  2 frost giants
  An orc warlord (Vaults:4)
  Louise (Spider:4)
  5 fire giants
  6 ghost moths
  An iron dragon (Depths:2)
  8 vault wardens
  10 deep elf sorcerers
  The ghost of Joeff the Thaumaturge, a journeyman GnWn of Qazlal (Shoals:1)
  3 emperor scorpions
  A balrug (Depths:2)
  5 deep elf elementalists (Elf:3)
  7 very ugly things
  13 ironheart preservers
  5 stone giants
  2 spriggan defenders (Depths:2)
  A war gargoyle (Vaults:3)
  4 entropy weavers
  8 deep elf demonologists
  6 deep elf annihilators
  5 spark wasps
  3 ettins
  A blizzard demon (Depths:2)
  A crystal guardian (Vaults:3)
  2 merfolk javelineers (Shoals:4)
  4 deep elf death magi
  2 fire dragons
  7 merfolk impalers
  2 jiangshi (Vaults:3)
  5 yaktaur captains
  9 deep elf high priests
  4 vault guards
  Snorg (Lair:5)
  5 hydras
  5 ice dragons
  3 great orbs of eyes
  4 spriggan air magi (Depths:2)
  4 rakshasas
  2 alligator snapping turtles (Shoals:4)
  6 catoblepae
  4 merfolk aquamancers
  4 merfolk avatars
  23 dancing weapons
  12 ogre magi
  8 centaur warriors
  27 two-headed ogres
  A satyr (Shoals:4)
  20 tengu warriors
  14 death yaks
  4 orc high priests (Orc:2)
  8 spriggan berserkers (Depths:2)
  2 deep troll earth magi (Depths:2)
  A vampire mage (D:15)
  A shock serpent (shapeshifter) (Vaults:1)
  24 deep elf knights
  3 soul eaters (Depths:2)
  3 sun demons (Depths:2)
  A fire crab (shapeshifter) (Elf:2)
  A sixfirhy (Abyss:3)
  2 shadow wraiths (Vaults:4)
  5 skeletal warriors
  4 hell knights (Depths:2)
  5 sea snakes
  2 quicksilver dragon simulacra (Depths:2)
  A flayed ghost (Depths:1)
  4 wizards
  2 unseen horrors
  12 deep elf archers
  9 ironbrand convokers
  A kraken simulacrum (Shoals:4)
  A necromancer (D:15)
  8 deep trolls
  4 glowing orange brains
  A spectral wolf spider (Spider:3)
  6 orb spiders
  10 orc knights
  28 harpies
  26 wolf spiders
  3 fauns (Shoals:1)
  An orc sorcerer (Orc:1)
  2 oklob plants (Lair:3)
  9 elephants (Lair:6)
  34 ugly things
  6 cyclopes
  8 merfolk sirens
  58 deep elf magi
  16 manticores
  A water nymph (shapeshifter) (D:11)
  2 black mambas
  2 moths of wrath
  A fire giant skeleton (D:15)
  8 rust devils (Depths:2)
  12 vault sentinels
  3 ice statues
  A guardian serpent (Vaults:4)
  4 torpor snails
  An eye of devastation (shapeshifter) (D:15)
  2 water nymphs
  5 spiny frogs
  2 rime drakes (shapeshifter)
  2 centaur skeletons
  3 gargoyles
  4 rime drakes
  A molten gargoyle (Lair:4)
  11 freezing wraiths
  11 demonic crawlers
  22 yaktaurs
  2 ice devils (Depths:2)
  3 red devils (Depths:2)
  4 tengu conjurers
  4 komodo dragons
  6 trolls
  24 merfolk
  3 polar bears
  16 jumping spiders
  A wind drake (shapeshifter) (Depths:2)
  17 hornets
  5 wind drakes
  A snapping turtle (shapeshifter) (Vaults:3)
  A spectral tarantella (Spider:3)
  14 dream sheep
  16 slime creatures
  A hippogriff (shapeshifter) (Vaults:1)
  A blink frog (shapeshifter) (Vaults:4)
  15 hippogriffs
  5 snapping turtles
  9 water elementals
  67 redbacks
  5 air elementals
  2 spriggan skeletons (D:15)
  2 flying skulls (Depths:2)
  24 tarantellas
  6 shadows
  An ice dragon skeleton (D:15)
  5 spriggans (Depths:2)
  4 fire bats (Lair:4)
  4 wyverns
  A yak (shapeshifter) (Elf:3)
  4 wraiths
  2 fire elementals (Elf:1)
  40 yaks
  2 hungry ghosts
  A basilisk (D:9)
  9 humans (D:14)
  A chaos spawn (Abyss:3)
  Menkaure (D:4)
  16 vampire mosquitoes
  A warg (Vaults:4)
  A spectral orb spider (Spider:3)
  An acid dragon (Vaults:2)
  6 water moccasins
  6 porcupines
  5 hell hounds (Depths:2)
  2 jumping spider simulacra (Spider:3)
  17 ice beasts
  48 orc warriors
  3 ettin simulacra
  2 sky beasts (D:6)
  A black bear (D:8)
  2 phantoms
  An ogre (shapeshifter) (D:13)
  2 eyes of draining
  10 boggarts
  26 ogres
  8 centaurs
  9 crocodiles
  8 wolves
  4 small abominations
  18 bullfrogs
  A gnoll sergeant (D:7)
  2 earth elementals
  2 orb spider simulacra (Spider:3)
  2 wyvern skeletons
  3 scorpions
  A water moccasin skeleton (D:10)
  6 killer bees (D:12)
  13 wights
  An electric eel (Lair:3)
  2 howler monkeys
  4 centaur zombies
  2 crimson imps (D:5)
  4 bullfrog zombies
  6 hounds
  A gnoll shaman (D:8)
  20 orc priests
  4 jellies
  Crazy Yiuf (D:7)
  2 bullfrog skeletons
  4 iguanas
  25 orc wizards
  11 worker ants
  A hound zombie (D:6)
  2 worker ant zombies
  13 gnolls
  5 adders
  3 shadow imps
  12 white imps (D:11)
  3 oozes
  3 adder zombies
  An adder skeleton (D:8)
  2 worms
  2 dart slugs
  5 leopard geckos
  113 orcs
  5 bats
  3 giant cockroaches
  4 goblins
  4 hobgoblins
  5 quokkas
  2 ball pythons
  5 frilled lizards
  A jackal zombie (D:8)
  7 kobolds
  3 rats
  A crawling corpse (Elf:3)
  A fire vortex (Lair:4)
  6 fungi
  2 plants
  5 tentacles
1572 creatures vanquished.

Vanquished Creatures (collateral kills)
  A golden dragon (Depths:2)
  A quicksilver dragon (Depths:2)
  A storm dragon (Depths:2)
  A deep elf sorcerer (Depths:2)
  An emperor scorpion (Spider:2)
  An ironheart preserver (Vaults:1)
  2 very ugly things (Vaults:2)
  A spriggan defender (Depths:2)
  A deep elf demonologist (Depths:2)
  Nessos (D:15)
  2 deep elf high priests (Elf:3)
  An ogre mage (Vaults:1)
  A centaur warrior (Vaults:1)
  A catoblepas (Lair:6)
  An orc high priest (Orc:2)
  2 tengu warriors (Depths:2)
  A spriggan berserker (Depths:2)
  4 hell knights (Depths:2)
  4 orc knights
  A deep elf archer (Elf:3)
  7 orb spiders
  2 ugly things
  3 oklob plants (Lair:3)
  3 wolf spiders
  2 cyclopes
  A yaktaur (Vaults:1)
  2 demonic crawlers
  A tengu conjurer (Depths:2)
  A spectral jumping spider (Spider:3)
  2 jumping spiders (Spider:2)
  4 blink frogs (Lair:2)
  A snapping turtle (Shoals:4)
  5 redbacks
  2 tarantellas
  A yak (Lair:6)
  A redback simulacrum (Spider:3)
  A warg (Vaults:1)
  An acid dragon (Vaults:2)
  5 orc warriors
  A bullfrog (Lair:2)
  6 orc priests (Orc:2)
  3 orcs (Orc:2)
  A plant (Lair:3)
85 creatures vanquished.

Vanquished Creatures (others)
  A fire giant (Vaults:3)
  A stone giant (Depths:2)
  2 yaktaur captains
  A deep elf archer (Elf:1)
  A deep elf mage (Elf:1)
  A manticore (Shoals:4)
  A cyclops (D:15)
  9 yaktaurs
  A spriggan (Depths:2)
  A human (D:14)
  An ettin simulacrum (Depths:2)
  An ogre (Vaults:1)
  A bullfrog (Lair:1)
  An orc (Orc:1)
  A crawling corpse (Depths:2)
  6 plants
  9 tentacles
39 creatures vanquished.

Grand Total: 1696 creatures vanquished

Notes
Turn   | Place    | Note
-------+----------+-------------------------------------------
     0 | D:1      | Erymatos the Minotaur Berserker began the quest for the
                  | Orb.
     0 | D:1      | Reached XP level 1. HP: 19/19 MP: 0/0
   139 | D:1      | Reached XP level 2. HP: 16/27 MP: 1/1
   296 | D:1      | Reached skill level 4 in Fighting
   746 | D:2      | Reached XP level 3. HP: 33/33 MP: 2/2
   941 | D:2      | Reached ** piety under Trog
  1409 | D:3      | Reached XP level 4. HP: 35/41 MP: 3/3
  2066 | D:4      | Found a radiant altar of Vehumet.
  2077 | D:4      | Reached skill level 5 in Axes
  2079 | D:4      | Reached XP level 5. HP: 47/47 MP: 4/4
  2225 | D:4      | Noticed Menkaure
  2233 | D:4      | Killed Menkaure
  2233 | D:4      | Reached XP level 6. HP: 53/53 MP: 5/5
  2328 | D:4      | Found a burning altar of Makhleb.
  2382 | D:4      | Found a blossoming altar of Fedhas.
  2465 | D:5      | Entered Level 5 of the Dungeon
  2487 | D:5      | Found a sparkling altar of Nemelex Xobeh.
  2563 | D:5      | Reached skill level 5 in Armour
  2702 | D:5      | Reached skill level 5 in Fighting
  2702 | D:5      | Reached XP level 7. HP: 37/61 MP: 6/6
  2964 | D:6      | Reached *** piety under Trog
  3081 | D:6      | Reached XP level 8. HP: 69/69 MP: 7/7
  3178 | D:6      | Found a staircase to the Ecumenical Temple.
  3384 | D:6      | Got a pitted leather armour
  3395 | D:6      | Identified the +1 leather armour of Vag Leock {SInv} (You
                  | found it on level 6 of the Dungeon)
  3463 | D:7      | Reached skill level 6 in Fighting
  3488 | D:7      | Got a heavily runed leather armour
  3499 | D:7      | Identified the +1 leather armour of Freedom {rN+ Dex+3}
                  | (You found it on level 7 of the Dungeon)
  3753 | D:7      | Found a runed translucent door.
  3754 | D:7      | Noticed Crazy Yiuf
  3938 | D:7      | Killed Crazy Yiuf
  4177 | D:8      | Reached **** piety under Trog
  4177 | D:8      | Reached skill level 10 in Axes
  4177 | D:8      | Reached XP level 9. HP: 62/78 MP: 8/8
  4216 | D:8      | Reached skill level 1 in Shields
  4234 | D:8      | Reached skill level 7 in Fighting
  4234 | D:8      | Reached skill level 5 in Dodging
  4248 | D:8      | Noticed a two-headed ogre
  4259 | D:8      | Killed a two-headed ogre
  4894 | D:9      | Found a sacrificial altar of Ru.
  4972 | D:9      | Found Xumem's Gadget Emporium.
  5045 | D:9      | Found Oceud's Assorted Antiques.
  5053 | D:9      | Bought a knobbly marble ring for 150 gold pieces
  5105 | D:9      | Reached XP level 10. HP: 88/88 MP: 9/9
  5109 | D:9      | Reached skill level 8 in Fighting
  5208 | D:9      | Found an ancient bone altar of Kikubaaqudgha.
  5445 | D:10     | Entered Level 10 of the Dungeon
  5560 | D:10     | Found a shimmering altar of Xom.
  5688 | D:10     | Found a flagged portal.
  6107 | D:10     | Reached skill level 5 in Shields
  6119 | D:10     | Reached ***** piety under Trog
  6128 | D:10     | Found a staircase to the Lair.
  6649 | Lair:1   | Entered Level 1 of the Lair of Beasts
  6663 | Lair:1   | Noticed a catoblepas
  6665 | Lair:1   | Reached skill level 9 in Fighting
  6688 | D:10     | Killed a catoblepas
  7623 | Lair:2   | Noticed a spiny frog
  7632 | Lair:2   | Reached XP level 11. HP: 97/97 MP: 10/10
  7658 | Lair:2   | Noticed a catoblepas
  7659 | Lair:2   | Found a staircase to the Shoals.
  7672 | Lair:2   | Killed a catoblepas
  7720 | Lair:2   | Got an ancient trident
  8261 | Lair:2   | Identified the +8 trident of the Gloaming {drain, +Blink
                  | rPois Dex-5 Stlth+} (You found it on level 2 of the Lair of
                  | Beasts)
  9101 | Lair:3   | Noticed an oklob plant
  9120 | Lair:3   | Reached skill level 10 in Fighting
  9215 | Lair:3   | Noticed an oklob plant
  9699 | Lair:3   | Noticed an oklob plant
  9744 | Lair:3   | Killed an oklob plant
  9909 | Lair:3   | Noticed an oklob plant
  9909 | Lair:3   | Noticed an oklob plant
 10068 | Lair:3   | Killed an oklob plant
 10070 | Lair:3   | Killed an oklob plant
 10192 | Lair:3   | Killed an oklob plant
 10198 | Lair:3   | Killed an oklob plant
 10333 | Lair:4   | Reached XP level 12. HP: 108/108 MP: 11/11
 10348 | Lair:4   | Reached skill level 11 in Fighting
 10488 | Lair:4   | Noticed a catoblepas
 10496 | Lair:4   | Killed a catoblepas
 10732 | Lair:4   | Found a hole to the Spider Nest.
 11426 | Lair:5   | Noticed Snorg
 11434 | Lair:5   | Killed Snorg
 11434 | Lair:5   | Reached skill level 15 in Axes
 11434 | Lair:5   | Reached skill level 10 in Shields
 11707 | Lair:6   | Entered Level 6 of the Lair of Beasts
 11716 | Lair:6   | Noticed a death yak
 11717 | Lair:6   | Noticed a death yak
 11718 | Lair:6   | Noticed a death yak
 11719 | Lair:6   | Noticed a death yak
 11720 | Lair:6   | Noticed a death yak
 11726 | Lair:6   | Killed a death yak
 11732 | Lair:6   | Killed a death yak
 11733 | Lair:6   | Killed a death yak
 11741 | Lair:6   | Killed a death yak
 11745 | Lair:6   | Killed a death yak
 11759 | Lair:6   | Got a scintillating bone ring
 11957 | Lair:6   | Reached skill level 12 in Fighting
 11963 | Lair:6   | Noticed a seven-headed hydra
 11972 | Lair:6   | Killed a seven-headed hydra
 11993 | Lair:6   | Noticed a six-headed hydra
 12002 | Lair:6   | Killed a six-headed hydra
 12002 | Lair:6   | Reached skill level 10 in Dodging
 12030 | Lair:6   | Found a staircase to the Slime Pits.
 12034 | Lair:6   | Reached XP level 13. HP: 86/118 MP: 12/12
 12964 | Lair:6   | Reached skill level 13 in Fighting
 13698 | Lair:6   | Got an ichor-stained falchion
 13758 | Lair:6   | Identified the ring "Sogiw" {*Tele rPois Str+3} (You found
                  | it on level 6 of the Lair of Beasts)
 13766 | Lair:6   | Identified the +5 falchion "Zodit" {vamp, +Fly rF+ Dex-4}
                  | (You found it on level 6 of the Lair of Beasts)
 14018 | D:11     | Found a staircase to the Orcish Mines.
 14266 | D:11     | Found a frozen archway.
 14286 | IceCv    | Entered an ice cave
 14578 | IceCv    | Reached XP level 14. HP: 104/130 MP: 13/13
 14599 | IceCv    | Got a crude emerald amulet
 14669 | IceCv    | Identified the amulet "Hudowixo" {+Rage +Inv} (You found it
                  | in an ice cave)
 14902 | D:11     | Found a bloodstained altar of Trog.
 15532 | D:12     | Reached skill level 14 in Fighting
 15634 | D:12     | Received a gift from Trog
 16161 | D:13     | You fall into a shaft and drop 1 floor!
 16219 | D:14     | Found an opulent altar of Gozag.
 18182 | D:14     | Found Jess's Antique Weapon Boutique.
 18322 | D:14     | Found a shadowy altar of Dithmenos.
 18479 | D:14     | Reached skill level 15 in Fighting
 18482 | D:14     | Received a gift from Trog
 18502 | D:14     | Got an ancient broad axe {god gift}
 18503 | D:14     | Identified the +3 broad axe of Zaiplef {chop, Str+2} (Trog
                  | gifted it to you on level 14 of the Dungeon)
 18508 | D:14     | Found a gate to the Vaults.
 18906 | D:15     | Entered Level 15 of the Dungeon
 19055 | D:15     | Found a staircase to the Depths.
 19328 | D:15     | Noticed Rupert
 19345 | D:15     | Killed Rupert
 19345 | D:15     | Reached XP level 15. HP: 125/143 MP: 14/14
 19371 | D:15     | Noticed Nessos
 19373 | D:15     | Killed Nessos
 20199 | Spider:1 | Entered Level 1 of the Spider Nest
 20228 | Spider:1 | Reached skill level 16 in Fighting
 20344 | Spider:1 | Reached skill level 15 in Shields
 21513 | Spider:2 | Reached skill level 10 in Armour
 21975 | Spider:3 | Reached skill level 17 in Fighting
 22030 | Spider:3 | Found a runed translucent gate.
 22030 | Spider:3 | Found a runed translucent gate.
 22031 | Spider:3 | Found a runed translucent gate.
 22101 | Spider:3 | Killed a ghost moth
 22556 | Spider:3 | Noticed Kagalorn's ghost (adept GnWn)
 22594 | Spider:3 | Killed Kagalorn's ghost
 22594 | Spider:3 | Reached XP level 16. HP: 155/155 MP: 4/15
 23179 | Spider:4 | Entered Level 4 of the Spider Nest
 23263 | Spider:4 | Noticed Arachne
 23272 | Spider:4 | Killed Arachne
 23884 | Spider:4 | Noticed Louise
 23945 | Spider:4 | Killed Louise
 24123 | Spider:4 | Reached skill level 18 in Fighting
 24162 | Spider:4 | Lost intelligence.
 24519 | Spider:4 | Got a gossamer rune of Zot
 24794 | Orc:1    | Entered Level 1 of the Orcish Mines
 25471 | Temple   | Entered the Ecumenical Temple
 25816 | D:7      | Paralysed by fainting for 5 turns
 25995 | Vaults:1 | Entered Level 1 of the Vaults
 26198 | Vaults:1 | Reached XP level 17. HP: 96/166 MP: 16/16
 26249 | Vaults:1 | Received a gift from Trog
 26321 | Vaults:1 | Reached skill level 19 in Fighting
 26802 | Vaults:1 | Received a gift from Trog
 28450 | Vaults:2 | Reached skill level 20 in Fighting
 28776 | Vaults:2 | Found a portal to a secret trove of treasure.
 28843 | Vaults:2 | You paid a toll of 7 scrolls of blinking to enter a
                  | treasure trove
 28844 | Trove    | Entered a treasure trove
 28918 | Trove    | Found the amulet of Vitality {Regen+ HP+15}
 28974 | Trove    | Got a polished spear
 28975 | Trove    | Identified the +11 spear of Righteous Fury {antimagic,
                  | +Blink rN+ SInv} (You found it in a treasure trove)
 29247 | Vaults:3 | Reached XP level 18. HP: 179/179 MP: 17/17
 29364 | Vaults:3 | Received a gift from Trog
 29444 | Vaults:3 | Found a staircase to the Crypt.
 29571 | Vaults:3 | Received a gift from Trog
 29792 | Vaults:3 | Reached skill level 21 in Fighting
 30535 | Vaults:4 | Found Xunudal's Armour Shop.
 30539 | Vaults:4 | Bought the +0 pair of gloves "Rarriqen" {rC- Regen+ Slay+3}
                  | for 222 gold pieces
 30645 | Vaults:4 | Received a gift from Trog
 30828 | Vaults:4 | Cast into level 3 of the Abyss (a deep elf sorcerer)
 30897 | Vaults:4 | Escaped the Abyss
 31060 | Vaults:4 | Reached XP level 19. HP: 140/191 MP: 18/18
 31625 | Vaults:4 | Received a gift from Trog
 31888 | Orc:2    | Entered Level 2 of the Orcish Mines
 31905 | Orc:2    | Found Ydwif's Jewellery Shop.
 32098 | Orc:2    | Found a staircase to the Elven Halls.
 32424 | Orc:2    | Received a gift from Trog
 32458 | Orc:2    | Reached skill level 22 in Fighting
 32508 | Orc:2    | Found Fuess's Armour Emporium.
 32511 | Orc:2    | Found Qireud's Distillery.
 32512 | Orc:2    | Found Hoett's Armour Emporium.
 32513 | Orc:2    | Found Deenogae's Distillery.
 32516 | Orc:2    | Bought a +2 pair of boots of stealth for 279 gold pieces
 32516 | Orc:2    | Bought the +1 plate armour of the Bagpipe {rN+ MR+} for 582
                  | gold pieces
 32718 | Shoals:1 | Entered Level 1 of the Shoals
 32874 | Shoals:1 | Found Apoik's Gadget Shoppe.
 33146 | Shoals:1 | Found a runed translucent door.
 33146 | Shoals:1 | Noticed Joeff's ghost (journeyman GnWn)
 33164 | Shoals:1 | Received a gift from Trog
 33627 | Shoals:1 | Killed Joeff's ghost
 34088 | Depths:1 | Entered Level 1 of the Depths
 34205 | Depths:1 | Found Coxigi's Armour Emporium.
 34207 | Depths:1 | Noticed Nikola
 34218 | Depths:1 | Killed Nikola
 34340 | Depths:1 | Found a gateway to Hell.
 35038 | Depths:2 | Found a hide-covered altar of Uskayaw.
 35292 | Depths:2 | Reached XP level 20. HP: 161/202 MP: 19/19
 35385 | Depths:2 | Found a hazy altar of Hepliaklqana.
 35409 | Depths:2 | Reached ****** piety under Trog
 35421 | Depths:2 | Got a pair of steaming boots
 35432 | Depths:2 | Identified the +3 pair of boots of Minor Irritation {rC+}
                  | (You found it on level 2 of the Depths)
 35453 | Depths:2 | Received a gift from Trog
 35545 | Depths:2 | Reached skill level 23 in Fighting
 35551 | Depths:2 | Noticed a golden dragon
 35928 | Depths:2 | Killed a golden dragon
 35934 | Depths:2 | Noticed the Enchantress
 36182 | Depths:2 | Killed the Enchantress
 36491 | Depths:2 | Got a crystal great sword
 36492 | Depths:2 | Identified the +9 great sword of Yredelemnul's Regard
                  | {pain, SInv} (You found it on level 2 of the Depths)
 36739 | Depths:2 | Found a basalt altar of Yredelemnul.
 36755 | Depths:2 | Received a gift from Trog
 36817 | Depths:2 | Received a gift from Trog
 36896 | Depths:2 | Noticed a bone dragon
 36910 | Depths:2 | Killed a bone dragon
 36990 | Depths:2 | Found a bloodstained altar of Trog.
 36990 | Depths:2 | Found a gateway to a ziggurat.
 37174 | Depths:2 | Paralysed by a great orb of eyes for 4 turns
 37179 | Depths:2 | Received a gift from Trog
 38362 | Shoals:3 | Noticed Jorgrun
 38375 | Shoals:3 | Killed Jorgrun
 38399 | Shoals:3 | Reached XP level 21. HP: 202/213 MP: 20/20
 38752 | Shoals:4 | Entered Level 4 of the Shoals
 38767 | Shoals:4 | Noticed Polyphemus
 38773 | Shoals:4 | Received a gift from Trog
 38786 | Shoals:4 | Killed Polyphemus
 38827 | Shoals:4 | Reached skill level 24 in Fighting
 38884 | Shoals:4 | Got a barnacled rune of Zot
 38947 | Shoals:4 | Noticed Mara
 38960 | Shoals:4 | Noticed Erymatos's illusion
 38973 | Shoals:4 | Noticed Erymatos's illusion
 38989 | Shoals:4 | Killed Mara
 39115 | Shoals:4 | Received a gift from Trog
 39348 | Shoals:4 | Noticed Bai Suzhen
 39361 | Shoals:4 | Killed Bai Suzhen
 39804 | Shoals:1 | Got an ancient hand axe {god gift}
 39805 | Shoals:1 | Identified the +5 hand axe "Hydraslayer" {venom, -Tele
                  | rPois Str+6} (Trog gifted it to you on level 1 of the
                  | Shoals)
 39961 | Elf:1    | Entered Level 1 of the Elven Halls
 40054 | Elf:1    | Received a gift from Trog
 40191 | Elf:1    | Found Ezoroama's Antique Armour Shoppe.
 40231 | Elf:1    | Found a runed translucent gate.
 40232 | Elf:1    | Found a runed translucent gate.
 40233 | Elf:1    | Noticed Luzaiz's ghost (adept TrFi)
 40233 | Elf:1    | Found a runed translucent gate.
 40438 | Elf:1    | Received a gift from Trog
 40485 | Elf:1    | Found Bolo's Gadget Emporium.
 40486 | Elf:1    | Found Kyghuro's Jewellery Boutique.
 40496 | Elf:1    | Found Byshre's Gadget Emporium.
 40506 | Elf:1    | Bought the amulet of Twilight {Harm *Drain rElec MR+ Dex+5
                  | Stlth+} for 1132 gold pieces
 40964 | Elf:2    | Found a runed translucent gate.
 40964 | Elf:2    | Found a runed translucent gate.
 40970 | Elf:2    | Found a runed translucent gate.
 41050 | Elf:2    | Found Xoop's Antique Armour Boutique.
 41357 | Elf:2    | Reached skill level 15 in Armour
 41470 | Elf:2    | Reached XP level 22. HP: 224/224 MP: 21/21
 41685 | Elf:3    | Entered Level 3 of the Elven Halls
 41841 | Elf:3    | Received a gift from Trog
 42042 | Elf:3    | Reached skill level 25 in Fighting
 42263 | Elf:3    | Identified the amulet "Geiroust" {Reflect rC+ MR- Str+2
                  | Int+2 SH+5}
 42275 | Elf:3    | Identified the ring of Zoniesmu {Ice +Blink Int+3 Stlth+}
 42305 | Elf:3    | HP: 3/226 [earth elemental[a deep elf elementalist] (12)]
 42305 | Elf:3    | Killed from afar by a deep elf high priest

Levels and vault maps discovered:
D:1:      lightli_molten_gateway, layout_loops_ring, nrook_mini_vaults,
          minmay_pentomino_s4
D:2:      layout_basic, first_ration, kennysheep_nondescript
D:3:      layout_basic, kennysheep_generic_room_13
D:4:      layout_rooms, lemuel_round_altar, vehumet_altar_wand_db,
          fedhas_altar_4, uniq_menkaure
D:5:      layout_loops_ring, nemelex_xobeh_ov_fountains_minmay,
          minmay_misc_feat_chi
D:6:      layout_gridville, minmay_temple_entry_stoned_glass
D:7:      layout_rooms, uniq_crazy_yiuf_cottage
D:8:      layout_basic, grunt_ogre_cave
D:9:      kennysheep_big_flooded_room, layout_loops_ring,
          nicolae_overflow_hidden_temple, nicolae_ru_path_of_blood,
          serial_shops, shop, nicolae_shop_statue_plus, st_stairs_6
D:10:     layout_grid_maze, lair_entry_dummy, enter_bailey_7, xom_teletrap_fun
D:11:     layout_irregular_city, david_orc_2, portal_ice_cave_entry_imps,
          trog_ov_bears_minmay
D:12:     layout_grid_maze
D:13:     layout_grid_maze
D:14:     layout_loops_corners, ximxim_vaults_locker_room, serial_shops,
          nicolae_shop_statue_plus,
          nicolae_gozag_cash_rules_everything_around_me,
          hangedman_decor_peaks_small, grunt_dithmenos_shadows
D:15:     gammafunk_depths_entry_grave, layout_basic,
          hangedman_abyss_or_decor_jellyfish_corner, uniq_nessos, uniq_rupert
Temple:   lightli_temple_of_artemis
Lair:1:   layout_misc_corridors
Lair:2:   layout_regular_city, shoals_dummy_entry, serial_bayou_shore_a
Lair:3:   statuecave_lemuel, layout_chaotic_city, grunt_megastairs_2,
          minmay_lair_oklob_chamber
Lair:4:   layout_gridlike, spider_nest_entry_funnel_web
Lair:5:   layout_roguey, zaba_anthole, patterned_corridor, uniq_snorg
Lair:6:   evilmike_catoblepas_cave, layout_regular_city,
          minmay_slime_entry_pillars, serial_bayou_shore_b
Shoals:1: layout_shoals, serial_shops, shop, ebering_ghost_reflecting_pool,
          nicolae_shoals_square_sea_wall
Shoals:2: layout_shoals
Shoals:3: layout_shoals, nicolae_shoals_seven_spires,
          nicolae_shoals_wave_tunnel, uniq_jorgrun
Shoals:4: shoals_end_grunt_ice, layout_shoals, overgrown_hall, uniq_bai_suzhen,
          uniq_polyphemus, uniq_mara
Spider:1: layout_spider_delve, drop_trap
Spider:2: layout_spider_delve, hangedman_spider_tarantella_strand
Spider:3: layout_spider_delve, gammafunk_ghost_necromancy
Spider:4: spider_rune_water, uniq_arachne, uniq_louise
Orc:1:    minmay_goldmine, layout_caves
Orc:2:    st_orc_pillars, layout_caves, serial_shops, shop_statue
Elf:1:    layout_gridlike, gammafunk_ghost_split, serial_shops, shop,
          hangedman_elf_represent, minmay_shop_grove
Elf:2:    layout_gridlike, serial_shops, nicolae_shop_window_shopping,
          minmay_crystal_room, minmay_misc_feat_rows
Elf:3:    minmay_elf_hall_not_hex, layout_gridlike
Vaults:1: nicolae_vaults_little_squares_1, v_misc_13, hangedman_vaults_maws,
          v_alt_pattern_6, v_misc_17, vaults_mumra_hexcomb, v_alt_pattern_2,
          vaults_room_grunt_arrival_ludios, v_alt_pattern_2,
          ontoclasm_vaults_shout, layout_vaults_chaotic_city
Vaults:2: nicolae_vaults_c_with_doors, v_misc_16, v_alt_pattern_6, v_misc_33,
          ontoclasm_vaults_twist, v_alt_pattern_6, v_misc_1,
          dpeg_vaults_monster_box, layout_vaults_omnigrid,
          nicolae_trove_entry_free_sample
Vaults:3: ontoclasm_vaults_hangar, minmay_crypt_entry_simple_corners,
          nicolae_vaults_stairing_the_circle, nicolae_vaults_yaktaur_gun_rack,
          ontoclasm_vaults_ligature, nicolae_vaults_little_squares_6, v_misc_30,
          st_spiral_rooms, nicolae_vaults_triangles, vaults_room_pool,
          vaults_dpeg_cross, grunt_vaults_swirl,
          nicolae_vaults_network_periphery, layout_vaults_maze_bifur
Vaults:4: v_misc_3, v_misc_33, vaults_room_boxed, vaults_dpeg_doors,
          ontoclasm_vaults_gateway, nicolae_vaults_network_s, v_misc_10,
          nicolae_vaults_little_squares_3, v_rooms_5, nicolae_vaults_murderbox,
          vaults_room_semicircle, layout_vaults_omnibox, serial_shops,
          nicolae_shop_crystal
Depths:1: layout_small_grid, pf_hell_entry_tar_spiral, grunt_ministairs_4,
          glass_columns_a, kennysheep_windowed_goal, uniq_nikola
Depths:2: grunt_profane_halls [grunt_profane_temple_coc,
          grunt_profane_temple_tar, grunt_profane_temple_geh,
          grunt_profane_temple_dis, grunt_profane_loot], serial_shops,
          hell_entry, uniq_enchantress

Skill      XL: |  1  2  3  4  5  6  7  8  9 10 11 12 13 14 15 16 17 18 19 20 21 22 |
---------------+-------------------------------------------------------------------+-----
Axes           | 4 5 6 8 10 11 13 14 15 16 17 18 19 20 21 | 21.7
Fighting       | 4 5 6 7 9 10 12 13 15 17 18 20 21 22 23 24 25 | 25.1
Armour         | 3 4 5 6 7 8 9 10 11 12 13 14 15 | 15.4
Dodging        | 3 4 5 7 8 10 11 12 13 14 | 14.4
Shields        | 3 5 8 10 13 14 16 17 18 19 20 22 23 | 23.2

Action                   |  1- 3 |  4- 6 |  7- 9 | 10-12 | 13-15 | 16-18 | 19-21 | 22-24 || total
-------------------------+-------+-------+-------+-------+-------+-------+-------+-------++-------
Melee: Hand axe          |    72 |    69 |   224 |    44 |       |       |       |       ||   409
       Headbutt          |     5 |    16 |    56 |   106 |   307 |   348 |   424 |    41 ||  1303
       Broad axe         |       |       |       |   125 |   142 |       |       |       ||   267
       Trident           |       |       |       |   138 |   244 |       |       |       ||   382
       War axe           |       |       |       |   130 |   654 |  1052 |  1419 |   149 ||  3404
Invok: Berserk           |     1 |     2 |     7 |     6 |    14 |    13 |    13 |     1 ||    57
       Trog's Hand       |       |       |     3 |     3 |    17 |    12 |    17 |     2 ||    54
       Brothers in Arms  |       |       |       |     3 |    10 |     7 |    13 |     4 ||    37
  Use: Scroll            |       |       |     8 |     5 |    12 |     2 |    19 |     1 ||    47
       Potion            |       |       |       |       |       |     2 |     3 |     1 ||     6
 Stab: Sleeping          |       |       |     1 |     2 |     2 |       |       |       ||     5
       Petrified         |       |       |       |     2 |    10 |       |       |       ||    12
       Distracted        |       |       |       |       |     1 |     1 |     5 |       ||     7
  Eat: Chunk             |     2 |     5 |    12 |    21 |    24 |    25 |    30 |       ||   119
       Ration            |       |       |     1 |     3 |    10 |     8 |     8 |     2 ||    32
Armor: Ring mail         |    15 |    32 |    29 |       |    65 |       |       |       ||   141
       Animal skin       |     3 |       |       |       |       |       |       |       ||     3
       Leather armour    |       |       |    35 |   115 |    98 |       |       |       ||   248
       Chain mail        |       |       |       |       |    98 |   298 |    10 |       ||   406
       Skin              |       |       |       |       |     1 |       |       |       ||     1
       Plate armour      |       |       |       |       |       |       |    95 |       ||    95
       Gold dragon scale |       |       |       |       |       |       |   192 |    26 ||   218
Dodge: Dodged            |    45 |    30 |   126 |   167 |   368 |   264 |   356 |    30 ||  1386
Block: Other             |       |       |     9 |       |       |       |       |       ||     9
       Buckler           |       |       |    38 |       |       |       |       |       ||    38
       Shield            |       |       |     4 |   271 |   191 |       |    73 |       ||   539
       Reflection        |       |       |     2 |     5 |    22 |    67 |   102 |       ||   198
       Large shield      |       |       |       |       |   791 |  1094 |  1523 |   118 ||  3526
